 Dungeon Crawl Stone Soup version 0.21.1-1-g345015f (webtiles) character file.

31 Monsterracer the Sneak (level 3, -1/21 HPs)
             Began as an Octopode Wizard on Feb 7, 2018.
             Slain by a kobold (2 damage)
             ... on level 1 of the Dungeon.
             The game lasted 00:02:50 (896 turns).

Monsterracer the Sneak (Octopode Wizard)             Turns: 896, Time: 00:02:50

Health: -1/21      AC:  1    Str:  6    XL:     3   Next: 22%
Magic:  0/7        EV: 13    Int: 21    God:
Gold:   34         SH:  0    Dex: 10    Spells: 5/8 levels left

rFire    . . .     SeeInvis .   a - +0 dagger (pain)
rCold    . . .     Gourm    .   (no shield)
rNeg     . . .     Faith    .   g - +0 hat
rPois    .         Spirit   .   (no amulet)
rElec    .         Reflect  .   (no ring)
rCorr    .         Harm     .   (no ring)
MR       .....                  (no ring)
Stlth    +++.......             (no ring)
HPRegen  0.07/turn              (no ring)
MPRegen  0.10/turn              (no ring)
                                (no ring)
                                (no ring)

@: very slightly contaminated
A: almost no armour, stealthy swim, amphibious, 8 rings, constrict 8, camouflage
1, gelatinous body 1
a: no special abilities


You were on level 1 of the Dungeon.
You were not hungry.

You visited 1 branch of the dungeon, and saw 1 of its levels.

You collected 34 gold pieces.

Inventory:

Hand Weapons
 a - a +0 dagger of pain (weapon)
 b - a +0 short sword
Armour
 g - a +0 hat (worn)
Scrolls
 e - a scroll of remove curse {unknown}
 h - a scroll of magic mapping {unknown}
 i - a scroll of amnesia {unknown}
Potions
 f - a potion of ambrosia {unknown}
Books
 d - a book of Minor Magic

   Spells                             Type                      Level
   a - Magic Dart                     Conjuration                  1
   b - Blink                          Translocation                2
   c - Call Imp                       Summoning                    2
   d - Slow                           Hexes                        2
   e - Conjure Flame                  Conjuration/Fire             3
   f - Mephitic Cloud                 Conjuration/Poison/Air       3
Comestibles
 c - 3 rations


   Skills:
 - Level 2.0 Dodging
 + Level 3.6 Stealth
 - Level 3.0 Spellcasting
 * Level 2.5 Conjurations
   Level 1.0 Summonings
 - Level 1.0 Translocations


You had 5 spell levels left.
You knew the following spells:

 Your Spells              Type           Power        Failure   Level  Hunger
a - Magic Dart            Conj           ##..         4%          1    None
e - Blink                 Tloc           N/A          13%         2    ##.....


Dungeon Overview and Level Annotations

Branches:
Dungeon (1/15)

Altars:


Innate Abilities, Weirdness & Mutations

You cannot wear most types of armour.
You are very stealthy in the water. (Stealth+)
You are amphibious.
You can wear up to eight rings at the same time.
You can use your tentacles to constrict eight enemies at once.
Your skin changes colour to match your surroundings (Stealth+).
Your rubbery body absorbs attacks. (AC +1, EV +1)


Message History

Casting: Magic Dart
Confirm with . or Enter, or press ? or * to list all spells.
Aiming: Magic Dart
Press: ? - help, Shift-Dir - straight line, f/p - jackal
Aim: a jackal (moderately wounded)
You miscast Magic Dart.
You are very lightly contaminated with residual magic.
You feel a strange surge of energy! The jackal bites you.
You take 2 damage, and have 12/21 hp.
You now have 4/7 mp.
Casting: Magic Dart
Confirm with . or Enter, or press ? or * to list all spells.
Aiming: Magic Dart
Press: ? - help, Shift-Dir - straight line, f/p - jackal
Aim: a jackal (moderately wounded)
The magic dart hits the jackal.
The jackal is heavily wounded.
The jackal bites you but does no damage.
The jackal barely misses you.
You now have 3/7 mp.
Casting: Magic Dart
Confirm with . or Enter, or press ? or * to list all spells.
Aiming: Magic Dart
Press: ? - help, Shift-Dir - straight line, f - jackal, p - jackal
Aim: a jackal
Okay, then.
You hit the jackal. Your grab misses the jackal.
The jackal is heavily wounded.
The jackal barely misses you.
You hit the jackal but do no damage. Your grab misses the jackal.
The jackal is moderately wounded.
The jackal closely misses you. The jackal misses you.
You hit the jackal but do no damage. You grab the jackal.
The jackal is moderately wounded.
You constrict the jackal. The jackal bites you.
You take 2 damage, and have 11/21 hp.
Casting: Magic Dart
Confirm with . or Enter, or press ? or * to list all spells.
Aiming: Magic Dart
Press: ? - help, Shift-Dir - straight line, f/p - jackal
Aim: a jackal (moderately wounded, constricted by you)
The magic dart hits the jackal.
The jackal is severely wounded.
You constrict the jackal, but do no damage.
The jackal bites you.
* * * LOW HITPOINT WARNING * * *
You take 2 damage, and have 9/21 hp.
You now have 2/7 mp.
You hit the jackal but do no damage.
The jackal is heavily wounded.
You constrict the jackal.
The jackal bites you but does no damage.
The jackal barely misses you.
You hit the jackal but do no damage.
The jackal is severely wounded.
You constrict the jackal.
You kill the jackal!
The jackal bites you.
* * * LOW HITPOINT WARNING * * *
You take 3 damage, and have 6/21 hp.
Casting: Magic Dart
Confirm with . or Enter, or press ? or * to list all spells.
Aiming: Magic Dart
Press: ? - help, Shift-Dir - straight line, f - jackal
Aim: a jackal
Okay, then.
You hit the jackal but do no damage. Your grab misses the jackal.
The jackal bites you.
* * * LOW HITPOINT WARNING * * *
You take 1 damage, and have 5/21 hp.
Casting: Magic Dart
Confirm with . or Enter, or press ? or * to list all spells.
Aiming: Magic Dart
Press: ? - help, Shift-Dir - straight line, f - jackal
Aim: a jackal The magic dart hits the jackal.
The jackal bites you.
* * * LOW HITPOINT WARNING * * *
The jackal barely misses you.
You take 2 damage, and have 3/21 hp.
You now have 2/7 mp.
Casting: Magic Dart
Confirm with . or Enter, or press ? or * to list all spells.
Aiming: Magic Dart
Press: ? - help, Shift-Dir - straight line, f/p - jackal
Aim: a jackal The magic dart hits the jackal.
The jackal is almost dead.
The jackal bites you.
* * * LOW HITPOINT WARNING * * *
You take 2 damage, and have 1/21 hp.
You now have 1/7 mp.
Casting: Magic Dart
Confirm with . or Enter, or press ? or * to list all spells.
Aiming: Magic Dart
Press: ? - help, Shift-Dir - straight line, f/p - jackal
Aim: a jackal (almost dead)
The magic dart hits the jackal.
You kill the jackal!
You now have 0/7 mp.
You barely miss the kobold. You grab the kobold. You squeeze the kobold.
The kobold is severely wounded.
You constrict the kobold, but do no damage.
The kobold hits you.
You die...

.........##.......#
.)..)....##.......# #
.........##.......# #
..................# #
..####...#........# # ..#
##..#........# # ###
#..#..#'##### #
#.>#.......# ############
#..#.##.##@# #...........
##.#.##.##K#####...........
....##.##h...##...........
.####[#####h##...........
.......h.+...........
#.##.#...#........... ....
#...#......†.... ##
#...+...........
#...#...........


You could see a jackal and a kobold.

Vanquished Creatures
  A dart slug (D:1)
  3 leopard geckos (D:1)
  A giant cockroach (D:1)
  5 goblins (D:1)
  2 hobgoblins (D:1)
  2 jackals (D:1)
  3 bats (D:1)
  A frilled lizard (D:1)
  4 kobolds (D:1)
  A rat (D:1)
23 creatures vanquished.

Notes
Turn   | Place    | Note
-------+----------+-------------------------------------------
     0 | D:1      | Monsterracer the Octopode Wizard began the quest for the Orb.
     0 | D:1      | Reached XP level 1. HP: 11/11 MP: 4/4
   343 | D:1      | Reached XP level 2. HP: 17/17 MP: 1/6
   432 | D:1      | Learned a level 2 spell: Blink
   774 | D:1      | Reached XP level 3. HP: 21/21 MP: 0/7
   889 | D:1      | HP: 9/21 [jackal (2)]
   893 | D:1      | HP: 3/21 [jackal (2)]
   894 | D:1      | HP: 1/21 [jackal (2)]
   896 | D:1      | Slain by a kobold

Skill      XL: |  1  2 |
---------------+-------+-----
Stealth        | 3 |  3.6
Conjurations   | 2 |  2.5
Dodging        | |  2.0
Spellcasting   | |  3.0
Summonings     | |  1.0
Translocations | |  1.0

Action                   || total
-------------------------++-------
Melee: Short sword       ||    20
       Constrict         ||     9
       Dagger            ||     9
       Tentacles         ||     1
 Cast: Magic Dart        ||    35
 Stab: Sleeping          ||     3
Armor: Skin              ||     3
Dodge: Dodged            ||    25

Vault maps used:
D:1:      minmay_arrival_diagonal_passages, fountainhead
